 Dungeon Crawl Stone Soup version 0.21.1-1-g345015f (webtiles) character file.

93 robbits the Charmwright (level 4, 0/38 HPs)
             Began as a Gnoll Skald on May 20, 2018.
             Slain by bande's ghost (16 damage)
             ... on level 3 of the Dungeon.
             The game lasted 00:04:55 (2448 turns).

robbits the Charmwright (Gnoll Skald)               Turns: 2448, Time: 00:04:56

Health: 0/38       AC:  4    Str: 13    XL:     4   Next: 62%
Magic:  4/11       EV: 14    Int: 16    God:
Gold:   142        SH:  0    Dex: 15    Spells: 5/13 levels left

rFire    + . .     SeeInvis .   a - +0 hand axe
rCold    . . .     Gourm    .   (no shield)
rNeg     . . .     Faith    .   i - +0 leather armour {rF+}
rPois    .         Spirit   .   (no helmet)
rElec    .         Reflect  .   (no cloak)
rCorr    .         Harm     .   h - +0 pair of gloves
MR       .....                  (no boots)
Stlth    ++........             (no amulet)
HPRegen  1.12/turn              (no ring)
MPRegen  0.12/turn              (no ring)

@: infused, regenerating (expiring)
A: distributed training, fangs 1, strong nose
a: no special abilities


You were on level 3 of the Dungeon.
You were very hungry.

You visited 1 branch of the dungeon, and saw 4 of its levels.

You collected 142 gold pieces.

Inventory:

Hand Weapons
 a - a +0 hand axe (weapon)
Armour
 b - a +0 leather armour
 h - a +0 pair of gloves (worn)
 i - a +0 leather armour of fire resistance (worn)
Jewellery
 l - an uncursed ring of teleportation
Scrolls
 f - a scroll of remove curse
 g - a scroll of teleportation {unknown}
 j - a scroll of blinking
 k - a scroll of magic mapping
Potions
 e - 3 potions of brilliance
 m - a potion of curing {unknown}
Books
 c - a book of Battle

   Spells                             Type                      Level
   a - Infusion                       Charms                       1
   b - Shroud of Golubria             Charms/Translocation         2
   c - Song of Slaying                Charms                       2
   d - Spectral Weapon                Hexes/Charms                 3
   e - Regeneration                   Charms/Necromancy            3
Comestibles
 d - 6 rations


   Skills:
 + Level 4.6 Fighting
 + Level 1.2 Short Blades
 + Level 1.2 Long Blades
 + Level 4.6 Axes
 + Level 1.2 Maces & Flails
 + Level 1.2 Polearms
 + Level 1.2 Staves
 + Level 1.2 Slings
 + Level 1.2 Bows
 + Level 1.2 Crossbows
 + Level 1.2 Throwing
 + Level 2.8 Armour
 + Level 4.6 Dodging
 + Level 1.2 Stealth
 + Level 1.2 Shields
 + Level 1.2 Unarmed Combat
 + Level 5.1 Spellcasting
 + Level 1.0 Conjurations
 + Level 1.0 Hexes
 + Level 5.5 Charms
 + Level 1.0 Summonings
 + Level 1.0 Necromancy
 + Level 1.0 Translocations
 + Level 1.0 Transmutations
 + Level 1.0 Fire Magic
 + Level 1.0 Ice Magic
 + Level 1.0 Air Magic
 + Level 1.0 Earth Magic
 + Level 1.0 Poison Magic
 + Level 1.3 Invocations
 + Level 1.2 Evocations


You had 5 spell levels left.
You knew the following spells:

 Your Spells              Type           Power        Failure   Level  Hunger
a - Infusion              Chrm           ###.         1%          1    None
b - Song of Slaying       Chrm           ###.....     3%          2    #......
c - Shroud of Golubria    Chrm/Tloc      ##........   8%          2    #......
d - Regeneration          Chrm/Necr      ##........   16%         3    ###....


Dungeon Overview and Level Annotations

Branches:
Dungeon (4/15)
 Temple: D:4-7

Altars:

Annotations:
D:3 bande's ghost, amateur GrFi


Innate Abilities, Weirdness & Mutations

Your experience applies equally to all skills.
You have very sharp teeth.
Your uncanny sense of smell can sniff out nearby items.


Message History

Bande's ghost is lightly damaged.
Your skin is crawling a little less now.
Bande's ghost barely misses you.
You hit bande's ghost.
Bande's ghost is lightly damaged.
Bande's ghost misses you.
You hit bande's ghost but do no damage.
You bite bande's ghost, but do no damage.
Bande's ghost is lightly damaged.
Bande's ghost hits you!
You hit bande's ghost but do no damage.
Bande's ghost is lightly damaged.
Bande's ghost misses you.
You barely miss bande's ghost.
Bande's ghost is lightly damaged.
Bande's ghost misses you.
You hit bande's ghost.
Bande's ghost is lightly damaged.
Bande's ghost hits you!
You die...

####### #.....# #.....#
#.....##############
#..................#
#.....######.......# #.....#
#.##.......#
#####.###.##.......#
###@....##.......### ...
.......W.................
...##...##.#..............###
####..#...#....................
..##.....#..................##
#.##....#................#...
#.##........................
..##................#.####.
.######.##..............##....##


You could see bande's ghost.

Vanquished Creatures
  An orc wizard (D:3)
  An adder (D:2)
  An adder skeleton (D:2)
  2 worms (D:2)
  A leopard gecko (D:2)
  5 orcs (D:3)
  2 bats (D:1)
  2 giant cockroaches (D:1)
  9 goblins
  3 hobgoblins
  3 jackals (D:1)
  A ball python (D:1)
  A frilled lizard (D:2)
  7 kobolds
  6 rats
45 creatures vanquished.

Notes
Turn   | Place    | Note
-------+----------+-------------------------------------------
     0 | D:1      | robbits the Gnoll Skald began the quest for the Orb.
     0 | D:1      | Reached XP level 1. HP: 20/20 MP: 6/6
    86 | D:1      | Reached XP level 2. HP: 21/26 MP: 7/7
   559 | D:1      | Reached XP level 3. HP: 28/31 MP: 9/9
   858 | D:2      | Reached skill level 5 in Spellcasting
   994 | D:2      | Reached skill level 1 in Invocations
  1697 | D:3      | Reached skill level 1 in Short Blades
  1697 | D:3      | Reached skill level 1 in Long Blades
  1697 | D:3      | Reached skill level 1 in Maces & Flails
  1697 | D:3      | Reached skill level 1 in Polearms
  1697 | D:3      | Reached skill level 1 in Staves
  1697 | D:3      | Reached skill level 1 in Slings
  1697 | D:3      | Reached skill level 1 in Bows
  1697 | D:3      | Reached skill level 1 in Crossbows
  1697 | D:3      | Reached skill level 1 in Throwing
  1697 | D:3      | Reached skill level 1 in Stealth
  1697 | D:3      | Reached skill level 1 in Shields
  1697 | D:3      | Reached skill level 1 in Unarmed Combat
  1697 | D:3      | Reached skill level 1 in Evocations
  1704 | D:3      | Reached XP level 4. HP: 30/38 MP: 7/11
  2059 | D:3      | Noticed bande's ghost (amateur GrFi)
  2380 | D:3      | Reached skill level 1 in Conjurations
  2380 | D:3      | Reached skill level 1 in Hexes
  2380 | D:3      | Reached skill level 1 in Summonings
  2380 | D:3      | Reached skill level 1 in Necromancy
  2380 | D:3      | Reached skill level 1 in Translocations
  2380 | D:3      | Reached skill level 1 in Transmutations
  2380 | D:3      | Reached skill level 1 in Fire Magic
  2380 | D:3      | Reached skill level 1 in Ice Magic
  2380 | D:3      | Reached skill level 1 in Air Magic
  2380 | D:3      | Reached skill level 1 in Earth Magic
  2380 | D:3      | Reached skill level 1 in Poison Magic
  2388 | D:3      | Learned a level 2 spell: Song of Slaying
  2391 | D:3      | Learned a level 2 spell: Shroud of Golubria
  2395 | D:3      | Learned a level 3 spell: Regeneration
  2448 | D:3      | Slain by bande's ghost

Skill      XL: |  1  2  3  4 |
---------------+-------------+-----
Spellcasting   | 5 |  5.1
Invocations    | 1 |  1.3
Short Blades   | 1 |  1.2
Long Blades    | 1 |  1.2
Maces & Flails | 1 |  1.2
Polearms       | 1 |  1.2
Staves         | 1 |  1.2
Slings         | 1 |  1.2
Bows           | 1 |  1.2
Crossbows      | 1 |  1.2
Throwing       | 1 |  1.2
Stealth        | 1 |  1.2
Shields        | 1 |  1.2
Unarmed Combat | 1 |  1.2
Evocations     | 1 |  1.2
Conjurations   | 1 |  1.0
Hexes          | 1 |  1.0
Summonings     | 1 |  1.0
Necromancy     | 1 |  1.0
Translocations | 1 |  1.0
Transmutations | 1 |  1.0
Fire Magic     | 1 |  1.0
Ice Magic      | 1 |  1.0
Air Magic      | 1 |  1.0
Earth Magic    | 1 |  1.0
Poison Magic   | 1 |  1.0
Fighting       | |  4.6
Axes           | |  4.6
Armour         | |  2.8
Dodging        | |  4.6
Charms         | |  5.5

Action                   |  1- 3 |  4- 6 || total
-------------------------+-------+-------++-------
Melee: Hand axe          |   119 |    58 ||   177
       Bite              |     7 |     4 ||    11
 Cast: Infusion          |     2 |     2 ||     4
       Regeneration      |       |     1 ||     1
       Shroud of Golubri |       |     1 ||     1
  Use: Scroll            |     6 |     2 ||     8
       Potion            |       |     2 ||     2
 Stab: Sleeping          |     1 |     1 ||     2
       Invisible         |       |     2 ||     2
  Eat: Chunk             |     2 |     2 ||     4
Armor: Leather armour    |    19 |     9 ||    28
Dodge: Dodged            |    88 |    33 ||   121
